 Dungeon Sprint DCSS version 0.19.0-19-g8c6edcc (webtiles) character file.

5 Groucho the Scratcher (level 1, -6/13 HPs)
             Began as a Felid Transmuter on Nov 14, 2016.
             Mangled by an orc
             ... wielding a +0 trident
              (7 damage)
             ... in the Dungeon (Sprint IX: "|||||||||||||||||||||||||||||").
             The game lasted 00:00:33 (321 turns).

Groucho the Scratcher (Felid Transmuter)             Turns: 321, Time: 00:00:33

Health: -6/13      AC:  1    Str: 11    XL:     1   Next: 66%
Magic:  3/4        EV: 18    Int: 14    God:
Gold:   0          SH:  0    Dex: 16    Spells: 1 memorised, 3 levels left
                                        Lives:  0   Deaths: 0

rFire  . . .     SeeInvis +       - Unarmed
rCold  . . .     Gourm    .     (armour unavailable)
rNeg   . . .     Faith    .     (shield unavailable)
rPois  .         Spirit   .     (helmet unavailable)
rElec  .         Reflect  .     (cloak unavailable)
rCorr  .         Harm     .     (gloves unavailable)
MR     .....     NoTele   +     (boots unavailable)
Stlth  ..........               (no amulet)
                                (no ring)
                                (no ring)

@: berserking, appendage, very slightly contaminated, hasted, very quick
A: no armour, no weapons or thrown items, stealth, claws 1, fangs 3, horns 2,
see invisible, carnivore 3, speed 1, shaggy fur 1, slow metabolism 1, sharp paws
a: End Transformation


You were in the Dungeon.
You were not hungry.
You had grown temporary horns.
You visited 1 branch

Inventory:

Missiles
 a - 12 arrows
Scrolls
 i - a scroll of blinking
Potions
 g - 2 potions of magic
Books
 b - a book of Changes

   Spells                             Type                      Level
   a - Beastly Appendage              Transmutation                1
   b - Sticks to Snakes               Transmutation                2
   c - Spider Form                    Transmutation/Poison         3
   d - Ice Form                       Ice/Transmutation            4
   e - Blade Hands                    Transmutation                5
Comestibles
 c - a meat ration


   Skills:
 * Level 1.8 Fighting
 * Level 3.1 Dodging
 + Level 1.5 Stealth
 * Level 3.2 Unarmed Combat
 + Level 2.2 Spellcasting
 * Level 2.8 Transmutations


You had 3 spell levels left.
You knew the following spells:

 Your Spells              Type           Power        Failure   Level  Hunger
a - Beastly Appendage     Tmut           #.....       10%         1    #......


Dungeon Overview and Level Annotations

Branches:
Dungeon (1/1)

Altars:


Innate Abilities, Weirdness & Mutations

You cannot wear armour.
You are incapable of wielding weapons or throwing items.
Your paws allow you to move quietly. (Stealth)
You have sharp claws.
You have razor-sharp teeth.
You have supernaturally acute eyesight. (SInv)
You are carnivorous and can eat meat at any time.
You cover ground quickly.
You are covered in fur. (AC +1)
You have a slow metabolism.
Your sharp claws are effective at attacking unaware monsters.
You have a pair of horns on your head.


Message History

The crimson imp shouts, "Remove thy stench, thou gleeking hedge-born wormtrail!"
The crimson imp blinks!
You scratch the gnoll shaman.
The gnoll shaman is lightly wounded.
The orc completely misses you.
You scratch the gnoll shaman.
The gnoll shaman is moderately wounded.
The gnoll shaman completely misses you.
The crimson imp blinks!
You scratch the gnoll shaman.
The gnoll shaman is heavily wounded.
The orc completely misses you.
You scratch the gnoll shaman.
The gnoll shaman is severely wounded.
The gnoll shaman hits you with a whip!
Ouch! That really hurt!
* * * LOW HITPOINT WARNING * * *
The sky beast flickers out of sight for a moment.
The orc hits you from afar with a trident!
Ouch! That really hurt!
You die...

▓+▓
▓.▓
▓.▓
▓Y▓
▓S▓
▓o▓
▓g▓
▓@▓
▓5▓
▓.▓
▓.▓
▓.▓
▓)▓
▓.▓
▓.▓
▓.▓


You could see a sky beast (invisible), a gnoll shaman, a crimson imp, an adder
and an orc.

Vanquished Creatures
  A dart slug (D)
  3 kobolds (D)
  A rat (D)
5 creatures vanquished.

Notes
Turn   | Place    | Note
-------+----------+-------------------------------------------
     0 | D        | Groucho the Felid Transmuter began the quest for the Orb.
     0 | D        | Reached XP level 1. HP: 9/9 MP: 4/4
    12 | D        | Reached skill level 1 in Stealth
   309 | D        | Noticed a sky beast
   309 | D        | Noticed a crimson imp
   309 | D        | Noticed a gnoll shaman
   321 | D        | Mangled by an orc

Skill      XL: |  1 |
---------------+----+-----
Dodging        | 3 |  3.1
Stealth        | 1 |  1.5
Fighting       | |  1.8
Unarmed Combat | |  3.2
Spellcasting   | |  2.2
Transmutations | |  2.8

Action                   || total
-------------------------++-------
Melee: Unarmed           ||    21
       Headbutt          ||     1
       Bite              ||     1
 Cast: Beastly Appendage ||     2
  Use: Potion            ||     4
Dodge: Dodged            ||    14
